 Dungeon Crawl Stone Soup version 0.32-a0-918-g0f22ef8d61 (webtiles) character file.

Game seed: 8260339454043062794

103 jasper the Cudgeller (level 4, -9/35 HPs)
             Began as a Demonspawn Fighter on Apr 11, 2024.
             Was a Follower of Okawaru.
             Killed by nerve-wracking pain
             ... invoked by Grinder
              (12 damage)
             ... on level 3 of the Dungeon.
             The game lasted 00:03:24 (1594 turns).

jasper the Cudgeller (Demonspawn Fighter)           Turns: 1594, Time: 00:03:25

Health: -9/35      AC:  9    Str: 18    XL:     4   Next: 51%
Magic:  4/6        EV: 10    Int:  9    God:    Okawaru [*.....]
Gold:   47         SH:  9    Dex: 12    Spells: 3/3 levels left

rFire   . . .        u - +0 morningstar
rCold   . . .        c - +0 buckler
rNeg    . . .        b - +0 scale mail
rPois   .            (helmet restricted)
rElec   .            s - +0 cloak
rCorr   .            (no gloves)
SInv    .            (no boots)
Will    .....        (no amulet)
Stlth   +            (no ring)
HPRegen 0.25/turn    (no ring)
MPRegen 0.10/turn

%: no passive effects
@: heroic
A: antennae 1, large bone plates 1
a: Renounce Religion, Heroism


You were on level 3 of the Dungeon.
You worshipped Okawaru.
Okawaru was aware of your devotion.
You visited 1 branch of the dungeon, and saw 3 of its levels.

You collected 47 gold pieces.

Inventory:

Hand Weapons
 a - a +0 flail
 r - a +0 whip
 t - a +0 hammer
 u - a +0 morningstar (weapon)
Missiles
 l - 10 stones (quivered)
 q - 6 curare-tipped darts
Armour
 b - a +0 scale mail (worn)
 c - a +0 buckler (worn)
 s - a +0 cloak (worn)
Scrolls
 e - 2 scrolls of brand weapon {unknown}
 g - a scroll of immolation {unknown}
 h - 2 scrolls of identify {unknown}
 j - 2 scrolls of blinking {unknown}
 k - a scroll of revelation {unknown}
 m - a scroll of teleportation {unknown}
 n - a scroll of poison {unknown}
 p - a scroll of fear {unknown}
Potions
 d - a potion of might
 f - 2 potions of enlightenment {unknown}
 i - a potion of attraction {unknown}
 o - a potion of haste {unknown}


   Skills:
 - Level 3.0(8.0) Fighting
 + Level 3.7(8.7) Maces & Flails
 - Level 2.6(7.6) Armour
 - Level 2.6(7.6) Shields
 - Level 3.1 Invocations


You had 3 spell levels left.
You didn't know any spells.
Your spell library was empty.

Dungeon Overview and Level Annotations

Branches:
Dungeon (3/15)

Altars:
Okawaru

Annotations:
D:3 Grinder


Innate Abilities, Weirdness & Mutations

You have a pair of small antennae on your head.
You are partially covered in large bone plates. (SH +4)


Message History

You kill the orc!
Okawaru accepts your kill.
Things that are here:
a +0 falchion; an orc corpse You see here a +0 morningstar.
u - a +0 morningstar Health restored: 35
u - a +0 morningstar (weapon)
Your movement speed is average.
Your attack delay is about 1.3.
Your damage rating with your +0 morningstar is about 17 (Base 13 x 120% (Str) x 112% (Skill)).
You see here the +4 leather armour of Inquiry {Will+}.
Found a club.
l - 10 stones (gained 8)
There is a stone staircase leading up here.
Found an escape hatch in the floor.
You now have 47 gold pieces (gained 10).
Found a stone staircase leading up.
f - 2 black potions (gained 1)
You see here a +0 club.
Grinder comes into view.
Grinder shouts!
Grinder is nearby!
You gain the combat prowess of a mighty hero.
You now have 4/6 mp.
You hit Grinder but do no damage. Grinder hits you!
You writhe in agony.
You take 14 damage, and have 21/35 hp.
MASSIVE DAMAGE!!
You puncture Grinder!
Grinder is heavily wounded.
Grinder gestures at you. Pain shoots through your body!
You take 10 damage, and have 11/35 hp.
MASSIVE DAMAGE!!
You hit Grinder.
Grinder is heavily wounded.
Grinder gestures at you. Pain shoots through your body!
* * * LOW HITPOINT WARNING * * *
Grinder gestures at you. Pain shoots through your body!
You die...
Grinder sighs, "Dead already?
I want a refund."

### #.. #####.## #.#
......... #.#
#.......# #.#
#.......##
####.####...#....
#..5...##..#>#..#
#@#.##...#...##
#.#.#.......).#
#...).........#
###.#.......).#
#.####.##.#......#
#......##.#.....[#
#########.#......###
####.#........##
#....####.<....#


You could see Grinder.

Vanquished Creatures
  Crazy Yiuf (D:2)
  An iguana (D:2)
  2 ribbon worms (D:2)
  2 orcs (D:3)
  8 bats
  6 endoplasms
  A giant cockroach (D:2)
  3 goblins
  3 hobgoblins (D:1)
  A quokka (D:1)
  2 ball pythons
  9 frilled lizards
  A kobold (D:1)
  4 rats (D:1)
44 creatures vanquished.

Notes
Turn   | Place    | Note
-------+----------+-------------------------------------------
     0 | D:1      | jasper the Demonspawn Fighter began the quest for the Orb.
     0 | D:1      | Reached XP level 1. HP: 18/18 MP: 1/1
   185 | D:1      | Gained mutation: You have a pair of small antennae on your
                  | head. [demonic ancestry]
   185 | D:1      | Reached XP level 2. HP: 24/24 MP: 2/2
   570 | D:1      | Found a faded altar of an unknown god.
   627 | D:1      | Prayed at the altar of an unknown god.
   627 | D:1      | Became a worshipper of Warmaster Okawaru
   627 | D:1      | Reached * piety under Okawaru
   816 | D:2      | Reached skill level 1 in Invocations
   816 | D:2      | Reached XP level 3. HP: 25/29 MP: 3/3
  1283 | D:2      | Found a runed translucent door.
  1395 | D:2      | Gained mutation: You are partially covered in large bone
                  | plates. (SH +4) [demonic ancestry]
  1395 | D:2      | Reached XP level 4. HP: 32/35 MP: 6/6
  1463 | D:2      | Noticed Crazy Yiuf
  1472 | D:2      | Killed Crazy Yiuf
  1541 | D:3      | Identified the +4 leather armour of Inquiry {Will+}
  1590 | D:3      | Noticed Grinder
  1594 | D:3      | Killed from afar by Grinder

Illustrated notes

Levels and vault maps discovered:
D:1:      reono_arrival_forest_river, layout_loops_ring,
          hellmonk_ecumenical_altar_inner_sanctum
D:2:      layout_loops_ring, kennysheep_potato, uniq_crazy_yiuf_cottage
D:3:      layout_loops_cross, dancing_weapons_uskayaw,
          overflow_temple_1_default, lemuel_round_altar, st_stairs_14,
          uniq_robin, uniq_grinder, uniq_jessica, uniq_ijyb

Skill      XL: |  1  2  3 |
---------------+----------+-----
Maces & Flails | 2 3 |  3.7
Invocations    | 1 3 |  3.1
Fighting       | |  3.0
Armour         | |  2.6
Shields        | |  2.6

Action                     |  1- 3 |  4- 6 || total
---------------------------+-------+-------++-------
  Melee: Flail             |   128 |    13 ||   141
         Morningstar       |       |     3 ||     3
 Invoke: Heroism           |     1 |     2 ||     3
 Armour: Scale mail        |   109 |     6 ||   115
  Dodge: Dodged            |    58 |     1 ||    59
  Block: Buckler           |    32 |     7 ||    39

Table legend: (Time is in decaauts)
 A = Elapsed time spent in this place.
 B = Non-inter-level travel time spent in this place.
 C = Inter-level travel time spent in this place.
 D = Time resting spent in this place.
 E = Time spent auto-exploring this place.
 F = Levels seen in this place.
 G = Mean time per level.
                   A        B        C        D        E       F      G
               +--------+--------+--------+--------+--------+-----+--------+
         Total |   1644 |   1529 |    115 |      0 |   1106 |   3 |  548.0 |
       Dungeon |   1644 |   1529 |    115 |      0 |   1106 |   3 |  548.0 |
               +--------+--------+--------+--------+--------+-----+--------+

Top non-repeatable levels by time:
     D:1: 829 daAuts
     D:2: 738 daAuts
     D:3: 75 daAuts
